 Dungeon Crawl Stone Soup version 0.20.1-1-g8b1a95d (webtiles) character file.

11932 homeworkjunkie the Cleaver (level 11, -18/99 HPs)
             Began as a Hill Orc Fighter on Nov 29, 2017.
             Was an Elder of Okawaru.
             Demolished by WiZmei's ghost (31 damage)
             ... on level 12 of the Dungeon.
             The game lasted 00:18:29 (10852 turns).

homeworkjunkie the Cleaver (Hill Orc Fighter)      Turns: 10852, Time: 00:18:30

Health: -18/99     AC: 19    Str: 22    XL:     11   Next: 85%
Magic:  15/15      EV: 10    Int:  8    God:    Okawaru [****..]
Gold:   644        SH: 11    Dex: 13    Spells: 10/10 levels left

rFire    . . .     SeeInvis .   a - +2 war axe
rCold    + . .     Gourm    .   c - +0 shield
rNeg     . . .     Faith    .   u - +2 chain mail {MR+}
rPois    .         Spirit   .   j - +1 helmet
rElec    .         Reflect  .   (no cloak)
rCorr    .         Harm     +   v - +1 pair of gloves
MR       ++...                  (no boots)
Stlth    ..........             q - amulet of harm
Regen    0.0/turn               e - +3 ring of evasion
MPRegen  0.2/turn               l - ring of protection from cold

@: hasted (expiring), very quick
A: iridescent scales 1, agile 1, magic resistance 1, inhibited regeneration
a: Heroism, Renounce Religion


You were on level 12 of the Dungeon.
You worshipped Okawaru.
Okawaru was greatly pleased with you.
You were not hungry.

You visited 3 branches of the dungeon, and saw 14 of its levels.
You also visited: Ossuary.

You collected 644 gold pieces.

Inventory:

Hand Weapons
 a - a +2 war axe (weapon)
Armour
 c - a +0 shield (worn)
 j - a +1 helmet (worn)
 u - a +2 chain mail of magic resistance (worn)
 v - a +1 pair of gloves (worn)
Jewellery
 e - a +3 ring of evasion (left hand)
 l - a ring of protection from cold (right hand)
 q - an amulet of harm (around neck)
Wands
 b - a wand of iceblast (5/15)
 m - a wand of flame (10/48)
 r - a wand of digging (12/24)
 y - a wand of paralysis (0/24)
Scrolls
 g - 9 scrolls of remove curse
 n - a scroll of teleportation
 p - a scroll of immolation
 w - 6 scrolls of identify
Potions
 d - a potion of flight
 h - 2 potions of berserk rage
 k - 3 potions of brilliance
 t - a potion of ambrosia
Comestibles
 f - 4 bread rations
 x - 2 meat rations


   Skills:
 * Level 9.9 Fighting
 * Level 14.9 Axes
 * Level 8.3 Armour
 + Level 1.7 Dodging
 + Level 1.5 Stealth
 * Level 8.4 Shields
 + Level 0.4 Unarmed Combat
 * Level 5.7 Evocations


You had 10 spell levels left.
You didn't know any spells.

Dungeon Overview and Level Annotations

Branches:
Dungeon (12/15)            Temple (1/1) D:7            Lair (1/6) D:8
    Orc: D:9-12

Altars:
Ashenzari
Dithmenos
Fedhas
Gozag
Hepliaklqana
Kikubaaqudgha
Nemelex Xobeh
Okawaru
Qazlal
Ru
Sif Muna
Trog
Yredelemnul
The Shining One

Shops:
D:5 !

Annotations:
D:12 WiZmei's ghost, journeyman DsBe


Innate Abilities, Weirdness & Mutations

You are partially covered in iridescent scales. (AC +2)
You are agile. (Dex +2)
You are resistant to hostile enchantments. (MR+)
You do not regenerate when monsters are visible.


Message History

WiZmei's ghost hits you!
You hit WiZmei's ghost but do no damage.
WiZmei's ghost is heavily damaged.
You closely miss WiZmei's ghost.
WiZmei's ghost is heavily damaged.
You block WiZmei's ghost's attack.
You completely miss WiZmei's ghost.
WiZmei's ghost is heavily damaged.
You hear the urgent ticking of a very distant clock.
Your extra speed is starting to run out.
You slash WiZmei's ghost!
WiZmei's ghost is severely damaged.
WiZmei's ghost hits you!!
* * * LOW HITPOINT WARNING * * *
You slash WiZmei's ghost!
WiZmei's ghost is almost destroyed.
You hit WiZmei's ghost.
WiZmei's ghost is almost destroyed.
WiZmei's ghost hits you!!
You die...

#......'.....##...##..#
#......#.....##...##..#
##.....##....##>......#
##.....##....##.....>.#
#.......#....####..#..#
#.......'....#....#####
#########....#....#
.....####'#....#
........W@.....#
...............#
...............#
###'#..........# ..
#..........###### ..
##'####.........# #..
#.........# ##.
#.........# #.
#.........#


You could see WiZmei's ghost.

Vanquished Creatures
  Erolcha (D:9)
  2 two-headed ogres
  A cyclops (D:7)
  Joseph (D:7)
  A troll (D:10)
  Prince Ribbit (D:7)
  Grinder (D:3)
  A hornet (D:8)
  3 hippogriffs
  Sigmund (D:4)
  A wyvern (D:9)
  16 yaks
  Eustachio (D:5)
  The ghost of letownia2 the Grave Robber, an amateur DDNe of Gozag (Ossuary)
  A hungry ghost (D:8)
  The ghost of Frank the Skirmisher, an amateur OpFi (D:3)
  Menkaure (D:6)
  A water moccasin (Lair:1)
  Duvessa (D:5)
  A black bear (Lair:1)
  2 orc warriors
  A sky beast (D:7)
  3 ice beasts
  2 phantoms
  6 ogres
  A crocodile (Lair:1)
  6 centaurs
  An elf zombie (Ossuary)
  7 bullfrogs
  Dowan (D:5)
  5 scorpions
  2 bullfrog zombies
  2 crimson imps
  7 hounds
  2 centaur zombies
  2 human zombies (Ossuary)
  A jelly (D:6)
  5 orc priests
  3 bullfrog skeletons
  A centaur skeleton (D:7)
  2 iguanas
  Ijyb (D:5)
  Natasha (thrice) (D:3)
  8 worker ants
  8 orc wizards
  2 hound zombies (Ossuary)
  5 mummies
  Robin (D:4)
  A worker ant zombie (D:9)
  8 gnolls
  8 adders
  A shadow imp (D:10)
  An ooze (D:5)
  5 adder zombies
  An adder skeleton (D:7)
  A worm (D:2)
  2 dart slugs
  A leopard gecko (D:2)
  36 orcs
  6 giant cockroaches
  17 goblins
  14 hobgoblins
  11 jackals
  3 quokkas
  2 ball pythons (D:2)
  5 bats
  5 frilled lizards
  2 goblin zombies (Ossuary)
  2 hobgoblin zombies
  7 kobolds
  A kobold zombie (D:8)
  A leopard gecko skeleton (D:4)
  An orc zombie (Ossuary)
  A quokka zombie (D:4)
  5 rats
  A rat zombie (Ossuary)
277 creatures vanquished.

Vanquished Creatures (others)
  An orc priest (D:8)
1 creature vanquished.

Grand Total: 278 creatures vanquished

Notes
Turn   | Place    | Note
-------+----------+-------------------------------------------
     0 | D:1      | homeworkjunkie the Hill Orc Fighter began the quest for the Orb.
     0 | D:1      | Reached XP level 1. HP: 19/19 MP: 1/1
    44 | D:1      | Reached XP level 2. HP: 20/27 MP: 2/2
   430 | D:2      | Reached skill level 3 in Axes
   430 | D:2      | Reached XP level 3. HP: 31/33 MP: 3/3
   466 | D:3      | Noticed Frank's ghost (amateur OpFi)
   684 | D:3      | Noticed Natasha
   692 | D:3      | Killed Natasha
   692 | D:3      | Reached XP level 4. HP: 40/40 MP: 4/4
   765 | D:3      | Reached skill level 4 in Axes
  1139 | D:2      | Reached XP level 5. HP: 46/46 MP: 5/5
  1207 | D:2      | Found a stormy altar of Qazlal.
  1801 | D:3      | Killed Frank's ghost
  1801 | D:3      | Reached skill level 5 in Axes
  1801 | D:3      | Reached XP level 6. HP: 53/53 MP: 6/6
  1925 | D:3      | Noticed Grinder
  1929 | D:3      | Paralysed by Grinder for 6 turns
  1951 | D:3      | Killed Grinder
  1951 | D:3      | Reached skill level 5 in Fighting
  1951 | D:3      | Reached skill level 7 in Axes
  1951 | D:3      | Reached XP level 7. HP: 33/61 MP: 7/7
  1976 | D:3      | Noticed Natasha
  1984 | D:3      | Killed Natasha
  2139 | D:4      | Noticed Sigmund
  2141 | D:4      | Noticed Robin
  2785 | D:3      | Noticed Natasha
  2789 | D:3      | Killed Natasha
  3026 | D:4      | Killed Robin
  3040 | D:4      | Killed Sigmund
  3040 | D:4      | Reached skill level 8 in Axes
  3040 | D:4      | Reached skill level 5 in Armour
  3040 | D:4      | Reached skill level 5 in Shields
  3040 | D:4      | Reached skill level 1 in Evocations
  3122 | D:4      | Found a bloodstained altar of Trog.
  3170 | D:4      | Reached XP level 8. HP: 57/69 MP: 8/8
  3187 | D:5      | Entered Level 5 of the Dungeon
  3807 | D:5      | Noticed Ijyb
  3823 | D:5      | Killed Ijyb
  3939 | D:5      | Found Osud's Distillery.
  3994 | D:7      | Reached skill level 9 in Axes
  4205 | D:5      | Noticed Eustachio
  4222 | D:5      | Killed Eustachio
  4222 | D:5      | Reached skill level 10 in Axes
  4222 | D:5      | Reached XP level 9. HP: 57/75 MP: 10/10
  4424 | D:6      | Noticed Menkaure
  4434 | D:6      | Killed Menkaure
  4880 | D:5      | Noticed Duvessa
  4881 | D:5      | Noticed Dowan
  4897 | D:5      | Killed Duvessa
  4938 | D:5      | Killed Dowan
  6112 | D:6      | Reached skill level 1 in Dodging
  6133 | D:6      | Found a basalt altar of Yredelemnul.
  6139 | D:6      | Found a hazy altar of Hepliaklqana.
  6149 | D:6      | Found a deep blue altar of Sif Muna.
  6181 | D:6      | Reached skill level 11 in Axes
  6650 | D:7      | Found a sacrificial altar of Ru.
  6764 | D:8      | Found a sand-covered staircase.
  6780 | Ossuary  | Entered an ossuary
  6803 | Ossuary  | Noticed letownia2's ghost (amateur DDNe)
  6811 | Ossuary  | Killed letownia2's ghost
  7016 | Ossuary  | Reached XP level 10. HP: 79/88 MP: 12/12
  7062 | D:7      | Noticed Prince Ribbit
  7071 | D:7      | Killed Prince Ribbit
  7071 | D:7      | Reached skill level 12 in Axes
  7156 | D:7      | Noticed Joseph
  7167 | D:7      | Killed Joseph
  7279 | D:7      | Found a staircase to the Ecumenical Temple.
  7293 | Temple   | Entered the Ecumenical Temple
  7396 | Temple   | Became a worshipper of Warmaster Okawaru
  7539 | D:7      | Found a glowing golden altar of the Shining One.
  7545 | D:7      | Reached skill level 1 in Stealth
  7546 | D:7      | Found a sparkling altar of Nemelex Xobeh.
  7657 | D:7      | Noticed a cyclops
  7671 | D:7      | Killed a cyclops
  8089 | D:7      | Found a blossoming altar of Fedhas.
  8400 | D:8      | Noticed a two-headed ogre
  8407 | D:8      | Killed a two-headed ogre
  8407 | D:8      | Reached * piety under Okawaru
  8407 | D:8      | Reached skill level 13 in Axes
  8515 | D:9      | Noticed Erolcha
  8748 | D:8      | Reached XP level 11. HP: 71/95 MP: 14/14
  8827 | D:8      | Found a staircase to the Lair.
  8836 | Lair:1   | Entered Level 1 of the Lair of Beasts
  8909 | Lair:1   | Reached skill level 5 in Evocations
  8914 | Lair:1   | Reached ** piety under Okawaru
  8922 | Lair:1   | Reached skill level 14 in Axes
  9350 | D:9      | Killed Erolcha
  9470 | D:9      | Reached *** piety under Okawaru
  9473 | D:9      | Noticed a two-headed ogre
  9888 | D:9      | Killed a two-headed ogre
 10214 | D:9      | Reached **** piety under Okawaru
 10365 | D:10     | Entered Level 10 of the Dungeon
 10389 | D:10     | Gained mutation: You are partially covered in iridescent scales. (AC +2) [potion of mutation]
 10389 | D:10     | Gained mutation: You do not regenerate when monsters are visible. [potion of mutation]
 10389 | D:10     | Gained mutation: You are resistant to hostile enchantments. (MR+) [potion of mutation]
 10389 | D:10     | Gained mutation: You are agile. (Dex +2) [potion of mutation]
 10578 | D:12     | Noticed an eight-headed hydra
 10807 | D:12     | Noticed WiZmei's ghost (journeyman DsBe)
 10852 | D:12     | Demolished by WiZmei's ghost

Skill      XL: |  1  2  3  4  5  6  7  8  9 10 11 |
---------------+----------------------------------+-----
Axes           | 3 4 5 7 8 10 11 13 14 | 14.9
Fighting       | 4 5 6 7 8 9 |  9.9
Armour         | 4 5 6 7 8 |  8.3
Shields        | 4 5 6 7 8 |  8.4
Evocations     | 1 2 3 4 5 |  5.7
Dodging        | 1 |  1.7
Stealth        | 1 |  1.5
Unarmed Combat | |  0.4

Action                   |  1- 3 |  4- 6 |  7- 9 | 10-12 || total
-------------------------+-------+-------+-------+-------++-------
Melee: War axe           |   103 |    93 |   364 |   377 ||   937
       Unarmed           |       |       |    23 |       ||    23
Evoke: Wand              |       |       |    12 |    28 ||    40
  Use: Scroll            |     4 |     5 |     9 |     4 ||    22
       Potion            |     3 |     4 |     9 |    11 ||    27
 Stab: Invisible         |       |       |       |     3 ||     3
       Paralysed         |       |       |       |     2 ||     2
  Eat: Fruit             |       |     4 |     3 |     4 ||    11
       Bread ration      |       |       |     2 |     1 ||     3
       Meat ration       |       |       |     1 |       ||     1
       Royal jelly       |       |       |     1 |     2 ||     3
Armor: Scale mail        |    65 |       |       |       ||    65
       Chain mail        |     7 |    36 |   193 |   130 ||   366
Dodge: Dodged            |    46 |    14 |   101 |    89 ||   250
Block: Shield            |    75 |    34 |   182 |   160 ||   451
